 Dungeon Crawl Stone Soup version 0.16-a0-3389-g45633df (webtiles) character file.

43 Kemay the Changer (level 3, 0/23 HPs)
             Began as an Octopode Transmuter on Dec 30, 2014.
             Slain by a gnoll
             ... wielding a +0 whip
              (10 damage)
             ... on level 1 of the Dungeon.
             The game lasted 00:02:59 (1079 turns).

Kemay the Changer (Octopode Transmuter)             Turns: 1079, Time: 00:03:00

Health: 0/23       AC:  1    Str:  9    XL:     3   Next: 58%
Magic:  5/6        EV: 12    Int: 16    God:
Gold:   66         SH:  0    Dex: 12    Spells: 2 memorised, 2 levels left

rFire  . . .     SeeInvis .       - Unarmed
rCold  . . .     Clarity  .     (no shield)
rNeg   . . .     SustAb   .     (helmet restricted)
rPois  .         Gourm    .     (no amulet)
rElec  .         Spirit   .     (no ring)
rCorr  .         Warding  .     (no ring)
rMut   .         Stasis   .     (no ring)
MR     .....                    (no ring)
Stlth  ++........               (no ring)
                                (no ring)
                                (no ring)
                                (no ring)

@: appendage, not resistant to hostile enchantments, unstealthy
A: almost no armour, amphibious, 8 rings, constrict 8, tentacle spike 3,
camouflage 1, gelatinous body 1
a: End Transformation


You were on level 1 of the Dungeon.
You were not hungry.
One of your tentacles had a temporary spike.
You visited 1 branch of the dungeon, and saw 2 of its levels.

You collected 66 gold pieces.

Inventory:

Missiles
 f - 23 poisoned needles
 g - 3 javelins (quivered)
Scrolls
 c - a scroll of teleportation {unknown}
 e - a scroll of identify {unknown}
Books
 d - a book of Changes

   Spells                             Type                      Level
   a - Beastly Appendage              Transmutation                1
   b - Sticks to Snakes               Transmutation                2
   c - Spider Form                    Transmutation/Poison         3
   d - Ice Form                       Ice/Transmutation            4
   e - Blade Hands                    Transmutation                5
Comestibles
 a - a bread ration
 b - a chunk of flesh


   Skills:
 - Level 1.0 Fighting
 - Level 2.0 Dodging
 - Level 3.0 Unarmed Combat
 - Level 2.0 Spellcasting
 + Level 3.7 Transmutations
 + Level 0.8 Poison Magic


You had 2 spell levels left.
You knew the following spells:

 Your Spells              Type           Power        Failure   Level  Hunger
a - Beastly Appendage     Trmt           ##....       6%          1    #......
b - Spider Form           Trmt/Pois      #.........   28%         3    ###....


Dungeon Overview and Level Annotations

Branches:
Dungeon (2/15)

Altars:


Innate Abilities, Weirdness & Mutations

You cannot wear most types of armour.
You are amphibious.
You can wear up to eight rings at the same time.
You can use your tentacles to constrict many enemies at once.
Your skin changes colour to match your surroundings (Stealth).
Your rubbery body absorbs attacks (AC +1).
One of your tentacles bears a large vicious spike.


Message History

There is a stone staircase leading up here.
Casting: Beastly Appendage
Confirm with . or Enter, or press ? or * to list all spells.
One of your tentacles grows a vicious spike.
Throwing (i - inventory):
g - 4 javelins (quivered)
Press: ? - help, Shift-Dir - straight line, f - gnoll
Aim: a gnoll You throw a javelin.
The javelin hits the gnoll!
The gnoll is severely wounded.
The gnoll hits you. The gnoll barely misses you.
You climb upwards.
There is a stone staircase leading down here.
You tentacle-slap the gnoll. Your grab misses the gnoll.
The gnoll is moderately wounded.
The gnoll hits you. The gnoll barely misses you.
You closely miss the gnoll. Your grab misses the gnoll.
Your tentacle spike misses the gnoll.
Your squeeze misses the gnoll.
The gnoll is moderately wounded.
The gnoll hits you. The gnoll hits you with a whip!
You die...

#............##
#.#.#.#.##....#
#..###..####..## #...#.###
#...####
###..#.#######.#.....
#....#...............
###..............#.###.
#......g..##...###.# #.
#.....@...#.....##.# #.
#....g..#..........###.
###...#....(.........#.
#.....#.##...###)#.##
#########..#.##.###.####.#.##
#............##.............#
#.#######.................).#
#.....# #.####..##..####....#
#####.# #.# #..##..# #....#


You could see 2 gnolls.

Vanquished Creatures
  A gnoll (D:1)
  A giant mite (D:1)
  A giant gecko (D:1)
  An ooze (D:1)
  2 giant cockroaches (D:1)
  3 goblins (D:1)
  5 hobgoblins (D:1)
  5 kobolds (D:1)
  4 bats (D:1)
  A rat (D:1)
24 creatures vanquished.

Notes
Turn   | Place    | Note
--------------------------------------------------------------
     0 | D:1      | Kemay, the Octopode Transmuter, began the quest for the Orb.
     0 | D:1      | Reached XP level 1. HP: 13/13 MP: 3/3
    64 | D:1      | Reached XP level 2. HP: 13/18 MP: 4/4
   555 | D:1      | Reached XP level 3. HP: 20/23 MP: 6/6
   562 | D:1      | Learned a level 3 spell: Spider Form
  1079 | D:1      | Slain by a gnoll

Action                   || total
-------------------------++-------
Melee: Unarmed           ||    75
Throw: Javelin           ||     1
 Cast: Beastly Appendage ||    11
 Abil: End Transformatio ||     1
  Use: Scroll            ||     1
 Stab: Sleeping          ||     3
  Eat: Chunk             ||     1
